 Dungeon Crawl Stone Soup version 0.30-a0-389-g8d7d949f56 (webtiles) character file.

Game seed: 5748433091341990658

49 NinjaNoafa the Sneak (level 3, -5/16 HPs)
             Began as a Spriggan Enchanter on Dec 3, 2022.
             Slain by an ogre
             ... wielding a +0 giant club
              (21 damage)
             ... on level 2 of the Dungeon.
             The game lasted 00:05:50 (1540 turns).

NinjaNoafa the Sneak (Spriggan Enchanter)           Turns: 1540, Time: 00:05:50

Health: -5/16      AC:  2    Str:  4    XL:     3   Next: 53%
Magic:  6/8        EV: 17    Int: 18    God:
Gold:   118        SH:  5    Dex: 15    Spells: 6/8 levels left

rFire   . . .      SeeInvis +    a - +1 dagger
rCold   . . .      Faith    .    (no shield)
rNeg    . . .      Spirit   .    b - +0 robe
rPois   .          Reflect  +    (helmet restricted)
rElec   .          Harm     .    (no cloak)
rCorr   .          Rampage  .    (gloves unavailable)
Will    .....                    (boots unavailable)
Stlth   +++.......               g - amulet of reflection
HPRegen 0.22/turn                (no ring)
MPRegen 0.11/turn                (no ring)

@: very slightly contaminated, very quick
A: very small, no large weapons, unfitting armour, see invisible, speed 3
a: no special abilities


You were on level 2 of the Dungeon.
You visited 1 branch of the dungeon, and saw 2 of its levels.

You collected 118 gold pieces.

Inventory:

Hand Weapons
 a - a +1 dagger (weapon)
Missiles
 k - 3 stones (quivered)
 m - 3 curare-tipped darts
Armour
 b - a +0 robe (worn)
Jewellery
 g - an amulet of reflection (around neck)
Scrolls
 e - a scroll of amnesia {unknown}
 h - 3 scrolls of teleportation {unknown}
 j - 2 scrolls of identify {unknown}
Potions
 c - 2 potions of invisibility
 d - a potion of berserk rage {unknown}
 f - 3 potions of haste {unknown}
 i - 2 potions of attraction {unknown}
 l - a potion of curing {unknown}


   Skills:
 + Level 2.1 Short Blades
 - Level 3.0 Dodging
 - Level 5.0 Stealth
 + Level 3.1 Spellcasting
 * Level 4.3 Hexes


You had 6 spell levels left.
You knew the following spells:

 Your Spells              Type           Power      Damage    Failure   Level
a - Ensorcelled Hibernat  Hex/Ice        20%        N/A       10%         2

Your spell library contained the following spells:

 Spells                   Type           Power      Damage    Failure   Level
 Confusing Touch          Hex            18%        N/A       9%          3
 Tukima's Dance           Hex            18%        N/A       9%          3
 Dazzling Flash           Conj/Hex       20%        N/A       21%         3


Dungeon Overview and Level Annotations

Branches:
Dungeon (2/15)

Altars:


Innate Abilities, Weirdness & Mutations

You are very small and have problems with some larger weapons.
You are too small for most types of armour.
You have supernaturally acute eyesight. (SInv)
You cover ground extremely quickly. (Speed+++)


Message History

There is an escape hatch in the floor here.
Your magical contamination has completely faded away.
A rat is nearby!
There is an escape hatch in the floor here.
Casting: Ensorcelled Hibernation (safe; 10% risk of failure)
Confirm with . or Enter, or press ? or * to list all spells.
Aiming: Ensorcelled Hibernation (safe; 10% risk of failure)
Press: ? - help, Shift-Dir - straight line, f - rat
Aim: a rat (chance to affect: 62%)
The rat looks drowsy...
The helpless rat fails to defend itself.
You impale the rat!!
You kill the rat!
You see here a rat corpse.
There is an escape hatch in the floor here.
m - 3 curare-tipped darts
Things that are here:
a +0 dagger; a goblin corpse You now have 118 gold pieces (gained 11).
j - 2 scrolls labelled SEIRUBL LILEU (gained 1)
An ogre comes into view. It is wielding a +0 giant club.
An ogre is nearby!
An ogre is nearby!
A dart slug comes into view.
Found an escape hatch in the ceiling.
The helpless ogre fails to defend itself.
You impale the ogre!!
The ogre is almost dead.
The ogre closely misses you.
Casting: Ensorcelled Hibernation (safe; 10% risk of failure)
Confirm with . or Enter, or press ? or * to list all spells.
Aiming: Ensorcelled Hibernation (safe; 10% risk of failure)
Press: ? - help, Shift-Dir - straight line, f - ogre
Aim: an ogre, wielding a +0 giant club (almost dead, chance to affect: 44%)
You miscast Ensorcelled Hibernation.
You are very lightly contaminated with residual magic.
Nothing appears to happen.
The ogre hits you with a +0 giant club!!
Ouch! That really hurt!
You die...

#.......))###...
#..........[..##
#.........#####
#.........#
#.........#
#.........# ##
##...##.#.### ##.
#####....##.....###..
#..O@..#####.........
#...............#...#
#.....#.####....#.###
#.......# #....#.#
#.....### #..##...#
#...w.# #.# ##.## #
#....<# ##.# #..###
###..## #.#.### #..
##..... ......##. #.
#.####....##


You could see an ogre and a dart slug (asleep).

Vanquished Creatures
  An adder (D:2)
  2 dart slugs (D:2)
  2 endoplasms (D:1)
  2 giant cockroaches (D:1)
  6 goblins
  4 hobgoblins
  5 kobolds
  A quokka (D:1)
  2 ball pythons
  2 bats (D:1)
  A frilled lizard (D:1)
  5 rats
33 creatures vanquished.

Notes
Turn   | Place    | Note
-------+----------+-------------------------------------------
     0 | D:1      | NinjaNoafa the Spriggan Enchanter began the quest for the
                  | Orb.
     0 | D:1      | Reached XP level 1. HP: 9/9 MP: 5/5
   349 | D:1      | Reached XP level 2. HP: 13/13 MP: 6/6
   827 | D:2      | Noticed Natasha
   873 | D:2      | Learned a level 2 spell: Ensorcelled Hibernation
   888 | D:2      | Reached skill level 5 in Stealth
  1112 | D:2      | Reached XP level 3. HP: 6/16 MP: 1/8
  1534 | D:2      | Noticed an ogre
  1540 | D:2      | Slain by an ogre

Illustrated notes

Levels and vault maps discovered:
D:1:      heliophobic_arrival_dark_side_of_the_moon, layout_loops_ring
D:2:      layout_rooms, uniq_crazy_yiuf_cottage, uniq_natasha

Skill      XL: |  1  2  3 |
---------------+----------+-----
Dodging        | 3 |  3.0
Spellcasting   | 3 |  3.1
Hexes          | 4 |  4.3
Stealth        | 5 |  5.0
Short Blades   | 2 |  2.1

Action                   || total
-------------------------++-------
Melee: Dagger            ||    88
       Punch             ||     2
 Cast: Ensorcelled Hiber ||    11
 Stab: Sleeping          ||    19
       Distracted        ||     1
Armor: Robe              ||     5
Dodge: Dodged            ||    48
Block: Other             ||    14
       Reflection        ||     1

Table legend: (Time is in decaauts)
 A = Elapsed time spent in this place.
 B = Non-inter-level travel time spent in this place.
 C = Inter-level travel time spent in this place.
 D = Time resting spent in this place.
 E = Time spent auto-exploring this place.
 F = Levels seen in this place.
 G = Mean time per level.
                   A        B        C        D        E       F      G
               +--------+--------+--------+--------+--------+-----+--------+
         Total |   1114 |   1034 |     80 |      0 |    738 |   2 |  557.0 |
       Dungeon |   1114 |   1034 |     80 |      0 |    738 |   2 |  557.0 |
               +--------+--------+--------+--------+--------+-----+--------+

Top non-repeatable levels by time:
     D:1: 689 daAuts
     D:2: 425 daAuts
